 Dungeon Crawl Stone Soup version 0.17-a0-777-g32247ce (webtiles) character file.

410 Lokkij the Gusty (level 6, -2/32 HPs)
             Began as a Tengu Air Elementalist on Apr 25, 2015.
             Was an Initiate of Vehumet.
             Slain by Grinder (15 damage)
             ... on level 4 of the Dungeon.
             The game lasted 00:14:43 (4288 turns).

Lokkij the Gusty (Tengu Air Elementalist)           Turns: 4288, Time: 00:14:43

Health: -2/32      AC:  6    Str:  9    XL:     6   Next: 89%
Magic:  13/13      EV: 12    Int: 17    God:    Vehumet [......]
Gold:   204        SH:  0    Dex: 14    Spells: 4 memorised, 6 levels left

rFire  . . .     SeeInvis .     u - +0 quarterstaff
rCold  . . .     Clarity  .     a - +0 robe
rNeg   . . .     SustAb   .     (no shield)
rPois  .         Gourm    .     (helmet restricted)
rElec  .         Spirit   .     h - +2 cloak
rCorr  .         Warding  .     w - +0 pair of gloves
rMut   .         Stasis   .     (boots unavailable)
MR     .....                    (no amulet)
Stlth  +.........               (no ring)
                                (no ring)

@: confused, very slightly contaminated, hasted, repel missiles, very quick, not
resistant to hostile enchantments, very unstealthy
A: beak, talons 3, able to fly 1
a: Fly, Renounce Religion


You were on level 4 of the Dungeon.
You worshipped Vehumet.
Vehumet was noncommittal.
You were hungry.

You visited 1 branch of the dungeon, and saw 4 of its levels.

You collected 204 gold pieces.

Inventory:

Hand weapons
 u - a +0 quarterstaff (weapon)
Armour
 a - a +0 robe (worn)
 h - a +2 cloak (worn)
 v - a +2 shield
 w - a +0 pair of gloves (worn)
Jewellery
 f - an uncursed ring of fire
 s - an uncursed amulet of regeneration
Magical devices
 r - a wand of frost (18)
Scrolls
 d - 3 scrolls of identify
 e - a scroll of recharging {unknown}
 i - 2 scrolls of teleportation {unknown}
 j - a scroll of blinking {unknown}
 n - a scroll of enchant armour {unknown}
 o - a scroll of remove curse {unknown}
 q - a scroll of noise {unknown}
 t - 2 scrolls of random uselessness
Potions
 g - a potion of haste
 l - a potion of brilliance
Books
 b - a book of Air

   Spells                             Type                      Level
   a - Shock                          Conjuration/Air              1
   b - Swiftness                      Charms/Air                   2
   c - Repel Missiles                 Charms/Air                   2
   d - Flight                         Charms/Air                   3
   e - Static Discharge               Conjuration/Air              3
   f - Lightning Bolt                 Conjuration/Air              5
Comestibles
 c - 6 bread rations
 p - 3 meat rations


   Skills:
 - Level 2.1 Dodging
 - Level 2.0 Stealth
 + Level 4.6 Spellcasting
 - Level 1.3 Conjurations
 + Level 1.1 Charms
 + Level 7.3 Air Magic


You had 6 spell levels left.
You knew the following spells:

 Your Spells              Type           Power        Failure   Level  Hunger
a - Shock                 Conj/Air       ###.         2%          1    None
b - Swiftness             Chrm/Air       ###.....     4%          2    ##.....
c - Static Discharge      Conj/Air       ###.....     10%         3    ###....
z - Repel Missiles        Chrm/Air       ###...       4%          2    ##.....


Dungeon Overview and Level Annotations

Branches:
Dungeon (4/15)
 Temple: D:4-7

Altars:
Trog
Vehumet

Shops:
D:4 !

Annotations:
D:4 Grinder


Innate Abilities, Weirdness & Mutations

You have a beak for a mouth.
You have claws for feet.
You can fly.


Message History

Drink which item? (? for menu, Esc to quit)
You feel yourself speed up. Grinder gestures at you.
Pain shoots through your body!
You are very lightly contaminated with residual magic.
Drink which item? (? for menu, Esc to quit)
It was a potion of ambrosia.
You are confused.
You feel invigorated. Grinder barely misses you. Grinder hits you.
You writhe in agony.
You writhe in agony.
Grinder drinks a potion.
Grinder seems to grow stronger.
You are feeling hungry.
Grinder misses you. Grinder gestures at you.
You resist with significant effort. Grinder hits you!
You writhe in agony.
You writhe in agony.
Grinder hits you but does no damage. Grinder hits you!
You writhe in agony.
Grinder hits you!
You die...

... +.......⌠.⌠...
..# #..........###
#.# ##..<....#####
#.# ##.....## #.
#.# ##...## #. #.#
##+## #. #.# . #.
####5#######.# #.
#...@......#.## #.
#.##..##.#....##
#. #..##.#..... #.
#..##.#..(.######.
#.....#.#.##......
##.#..#.#.##.#####
#.#.........#
..<.....#.#(####
###......#.#


You could see Grinder.

Vanquished Creatures
  A water moccasin skeleton (D:4)
  A hound (D:4)
  An orc priest (D:4)
  A giant frog zombie (D:4)
  2 orc wizards
  Natasha (thrice) (D:2)
  A worker ant (D:4)
  Robin (D:3)
  4 gnolls (D:2)
  2 adders (D:2)
  An ooze (D:3)
  A worm (D:4)
  13 orcs
  4 giant cockroaches
  17 hobgoblins
  4 jackals (D:2)
  8 kobolds
  A quokka (D:4)
  8 bats
  6 giant newts
  11 goblins
  6 rats
97 creatures vanquished.

Notes
Turn   | Place    | Note
--------------------------------------------------------------
     0 | D:1      | Lokkij, the Tengu Air Elementalist, began the quest for the Orb.
     0 | D:1      | Reached XP level 1. HP: 10/10 MP: 4/4
   410 | D:1      | Reached XP level 2. HP: 15/15 MP: 0/6
   927 | D:1      | Learned a level 2 spell: Swiftness
   930 | D:1      | Learned a level 2 spell: Repel Missiles
  1170 | D:2      | Reached XP level 3. HP: 19/19 MP: 2/7
  1289 | D:2      | Noticed Natasha
  1292 | D:2      | Killed Natasha
  1292 | D:2      | Reached skill level 5 in Air Magic
  1361 | D:2      | Reached XP level 4. HP: 24/24 MP: 3/9
  1452 | D:2      | Noticed Natasha
  1459 | D:2      | Killed Natasha
  1615 | D:2      | Noticed Natasha
  1621 | D:2      | Killed Natasha
  1621 | D:2      | Reached skill level 6 in Air Magic
  1743 | D:2      | Gained mutation: You can fly. [Tengu growth]
  1743 | D:2      | Reached XP level 5. HP: 28/28 MP: 11/11
  1755 | D:2      | Found a bloodstained altar of Trog.
  2182 | D:3      | Noticed Robin
  2251 | D:3      | Killed Robin
  2480 | D:3      | Learned a level 3 spell: Static Discharge
  2931 | D:3      | Found a radiant altar of Vehumet.
  3420 | D:3      | Became a worshipper of Vehumet
  3427 | D:4      | Found Piewkucvohin's Distillery.
  3515 | D:4      | Reached XP level 6. HP: 20/32 MP: 6/13
  3601 | D:4      | Reached skill level 7 in Air Magic
  4030 | D:4      | Reached skill level 1 in Charms
  4266 | D:4      | Noticed Grinder
  4288 | D:4      | Slain by Grinder

Action                   |  1- 3 |  4- 6 || total
-------------------------+-------+-------++-------
Melee: Dagger            |    50 |     5 ||    55
       Unarmed           |     1 |       ||     1
       Spear             |       |   140 ||   140
       Quarterstaff      |       |    14 ||    14
 Cast: Shock             |    32 |    69 ||   101
       Repel Missiles    |     1 |     1 ||     2
       Static Discharge  |       |     1 ||     1
  Use: Potion            |       |     6 ||     6
       Scroll            |       |     2 ||     2
 Stab: Sleeping          |     1 |     1 ||     2
  Eat: Chunk             |     2 |     9 ||    11
